TOP OF THE 1ST |
Houston Astros batting - Pitching for Los Angeles Dodgers : RHP Mario Soto
|
Pitching: RHP Mario Soto
|
|
Batting: RHB Julio Franco
|
0-0: Foul Ball, location: 2F 0-1: Ball 1-1: Ground out 6-3 (Groundball, 6, EV 80.6 MPH)
|
Batting: LHB Jose Cruz
|
0-0: Foul Ball, location: 2F 0-1: Ball 1-1: Called Strike 1-2: Ball 2-2: Ball 3-2: Fly out, F8 (Flyball, 78XD, EV 92.5 MPH)
|
Batting: RHB John Castino
|
0-0: Called Strike 0-1: Ground out 5-3 (Groundball, 56S, EV 83.8 MPH)
|
Top of the 1st over - 0 runs, 0 hits, 0 errors, 0 left on base; Houston 0 - Los Angeles 0 |
BOTTOM OF THE 1ST |
Los Angeles Dodgers batting - Pitching for Houston Astros : RHP Kevin Carr
|
Pitching: RHP Kevin Carr
|
|
Batting: RHB Billy Sample
|
0-0: Ball 1-0: Called Strike 1-1: Swinging Strike 1-2: Ball 2-2: Hit by Pitch
|
Batting: RHB Carney Lansford
|
0-0: Ball Billy Sample steals 2nd base 1-0: Ball 2-0: Bunted foul 2-1: Sac Bunt to 2L - play at first, batter OUT! 2-4 Billy Sample to third
|
Batting: RHB Jerry Keller
|
0-0: Ball 1-0: Ball 2-0: Called Strike 2-1: Swinging Strike 2-2: Ball 3-2: Foul Ball, location: 2F 3-2: Fly out, F8 (Flyball, 78D, EV 75.6 MPH) Runner from 3rd tags up, SCORES, throw by CF
|
Batting: RHB Dick Davis
|
0-0: Ball 1-0: Called Strike 1-1: Swinging Strike 1-2: Strikes out swinging
|
Bottom of the 1st over - 1 run, 0 hits, 0 errors, 0 left on base; Houston 0 - Los Angeles 1 |
TOP OF THE 2ND |
Houston Astros batting - Pitching for Los Angeles Dodgers : RHP Mario Soto
|
Batting: LHB Steve Kemp
|
0-0: Ball 1-0: Ball 2-0: Ball 3-0: Base on Balls
|
Batting: SHB Christopher Clark
|
0-0: Foul Ball, location: 2F 0-1: Ball 1-1: Ball 2-1: Foul Ball, location: 2F 2-2: Foul Ball, location: 2F 2-2: Foul Ball, location: 2F 2-2: Fielders Choice at 2nd, 4-6 (Groundball, 4, EV 113.1 MPH)
|
Batting: RHB Zail Smith
|
0-0: Ball 1-0: Ball 2-0: Ball 3-0: Called Strike 3-1: SINGLE (Groundball, 6S, EV 66.3 MPH) (infield hit) Christopher Clark to second
|
Batting: SHB Tom Herr
|
0-0: Ball 1-0: Foul Ball, location: 2F 1-1: SINGLE (Line Drive, 78S, EV 105.6 MPH) Christopher Clark to third Zail Smith to second Runner from 3rd tries for Home, SAFE, throw by LF to home
|
Batting: RHB Dave Valle
|
0-0: Ball 1-0: Swinging Strike 1-1: Foul Ball, location: 2F 1-2: Ball 2-2: Strikes out swinging
|
Batting: RHB Kevin Carr
|
0-0: Fly out, F6 (Flyball, 5D, EV 84.4 MPH)
|
Top of the 2nd over - 1 run, 2 hits, 0 errors, 2 left on base; Houston 1 - Los Angeles 1 |
BOTTOM OF THE 2ND |
Los Angeles Dodgers batting - Pitching for Houston Astros : RHP Kevin Carr
|
Batting: LHB Ronald Jackson
|
0-0: Ball 1-0: Ball 2-0: Called Strike 2-1: Foul Ball, location: 2F 2-2: SOLO HOME RUN (Flyball, 9D, EV 91.9 MPH), Distance : 408 ft
|
Batting: LHB Darren Daulton
|
0-0: Called Strike 0-1: Ball 1-1: Swinging Strike 1-2: Ball 2-2: Ball 3-2: Fly out, F8 (Flyball, 8LXD, EV 97.5 MPH)
|
Batting: RHB Toby Harrah
|
0-0: Ball 1-0: Ball 2-0: Swinging Strike 2-1: Foul Ball, location: 2F 2-2: Fly out, F7 (Flyball, 78M, EV 96.3 MPH)
|
Batting: SHB Spike Owen
|
0-0: Ball 1-0: Ball 2-0: Swinging Strike 2-1: Ball 3-1: Base on Balls
|
Batting: RHB Mario Soto
|
0-0: Ball 1-0: Called Strike 1-1: Ball 2-1: Swinging Strike 2-2: Strikes out swinging
|
Bottom of the 2nd over - 1 run, 1 hit, 0 errors, 1 left on base; Houston 1 - Los Angeles 2 |
TOP OF THE 3RD |
Houston Astros batting - Pitching for Los Angeles Dodgers : RHP Mario Soto
|
Batting: RHB Julio Franco
|
0-0: Ball 1-0: Ball 2-0: Foul Ball, location: 2F 2-1: Swinging Strike 2-2: Foul Ball, location: 2F 2-2: Strikes out looking
|
Batting: LHB Jose Cruz
|
0-0: Ball 1-0: Foul Ball, location: 2F 1-1: Ball 2-1: Foul Ball, location: 2F 2-2: Reached on error, E3 (Groundball, 34S, EV 78.8 MPH)
|
Batting: RHB John Castino
|
0-0: Ball 1-0: Fielders Choice at 2nd, 5-4 (Groundball, 56, EV 100.0 MPH)
|
Batting: LHB Steve Kemp
|
0-0: Ball Wild Pitch! John Castino to second 1-0: Ball 2-0: Foul Ball, location: 2F 2-1: Foul Ball, location: 2F 2-2: Ball 3-2: Foul Ball, location: 2F 3-2: Ground out 1-3 (Groundball, 13S, EV 68.1 MPH)
|
Top of the 3rd over - 0 runs, 0 hits, 1 error, 1 left on base; Houston 1 - Los Angeles 2 |
BOTTOM OF THE 3RD |
Los Angeles Dodgers batting - Pitching for Houston Astros : RHP Kevin Carr
|
Batting: RHB Billy Sample
|
0-0: Ball 1-0: Called Strike 1-1: Foul Ball, location: 2F 1-2: Fly out, F9 (Flyball, 9D, EV 108.8 MPH)
|
Batting: RHB Carney Lansford
|
0-0: Fly out, F6 (Flyball, 56D, EV 91.3 MPH)
|
Batting: RHB Jerry Keller
|
0-0: Swinging Strike 0-1: Swinging Strike 0-2: Foul Ball, location: 2F 0-2: Ball 1-2: Ball 2-2: Foul Ball, location: 2F 2-2: Strikes out looking
|
Bottom of the 3rd over - 0 runs, 0 hits, 0 errors, 0 left on base; Houston 1 - Los Angeles 2 |
TOP OF THE 4TH |
Houston Astros batting - Pitching for Los Angeles Dodgers : RHP Mario Soto
|
Batting: SHB Christopher Clark
|
0-0: Ball 1-0: Ball 2-0: Fly out, F5 (Popup, 5F, EV 60.6 MPH)
|
Batting: RHB Zail Smith
|
0-0: Foul Ball, location: 2F 0-1: Foul Ball, location: 2F 0-2: Fly out, F8 (Flyball, 8RS, EV 83.1 MPH)
|
Batting: SHB Tom Herr
|
0-0: Swinging Strike 0-1: Swinging Strike 0-2: Ball 1-2: Strikes out looking
|
Top of the 4th over - 0 runs, 0 hits, 0 errors, 0 left on base; Houston 1 - Los Angeles 2 |
BOTTOM OF THE 4TH |
Los Angeles Dodgers batting - Pitching for Houston Astros : RHP Kevin Carr
|
Batting: RHB Dick Davis
|
0-0: Ball 1-0: Ball 2-0: Called Strike 2-1: Called Strike 2-2: Fly out, F9 (Flyball, 89XD, EV 99.4 MPH)
|
Batting: LHB Ronald Jackson
|
0-0: Ball 1-0: Called Strike 1-1: SINGLE (Line Drive, 8LS, EV 104.4 MPH)
|
Batting: LHB Darren Daulton
|
0-0: Ball Ronald Jackson is caught stealing 2nd base 2-6 1-0: Ball 2-0: Called Strike 2-1: Ball 3-1: Base on Balls
|
Batting: RHB Toby Harrah
|
0-0: Ball Darren Daulton is caught stealing 2nd base 2-4
|
Bottom of the 4th over - 0 runs, 1 hit, 0 errors, 0 left on base; Houston 1 - Los Angeles 2 |
TOP OF THE 5TH |
Houston Astros batting - Pitching for Los Angeles Dodgers : RHP Mario Soto
|
Batting: RHB Dave Valle
|
0-0: Fly out, F7 (Flyball, 7D, EV 95.6 MPH)
|
Batting: RHB Kevin Carr
|
0-0: Ground out 4-3 (Groundball, 4, EV 83.1 MPH)
|
Batting: RHB Julio Franco
|
0-0: Called Strike 0-1: Called Strike 0-2: SOLO HOME RUN (Flyball, 7D, EV 103.1 MPH), Distance : 390 ft
|
Batting: LHB Jose Cruz
|
0-0: Called Strike 0-1: Fly out, F8 (Line Drive, 8LM, EV 91.9 MPH)
|
Top of the 5th over - 1 run, 1 hit, 0 errors, 0 left on base; Houston 2 - Los Angeles 2 |
BOTTOM OF THE 5TH |
Los Angeles Dodgers batting - Pitching for Houston Astros : RHP Kevin Carr
|
Batting: RHB Toby Harrah
|
0-0: Ball 1-0: Called Strike 1-1: Foul Ball, location: 2F 1-2: Ball 2-2: Foul Ball, location: 2F 2-2: SOLO HOME RUN (Line Drive, 7LD, EV 104.4 MPH), Distance : 359 ft
|
Batting: SHB Spike Owen
|
0-0: Ball 1-0: Swinging Strike 1-1: Ball 2-1: Bunted foul 2-2: Strikes out swinging
|
Batting: RHB Mario Soto
|
0-0: Called Strike 0-1: Ball 1-1: Ball 2-1: Called Strike 2-2: Foul Ball, location: 2F 2-2: Ball 3-2: Strikes out swinging
|
Batting: RHB Billy Sample
|
0-0: Foul Ball, location: 2F 0-1: Foul Ball, location: 2F 0-2: Reached on error, E1 (Groundball, 23, EV 71.9 MPH)
|
Batting: RHB Carney Lansford
|
0-0: Called Strike Billy Sample steals 2nd base 0-1: Foul Ball, location: 2F 0-2: Ball 1-2: Ball 2-2: SINGLE (Groundball, 56S, EV 68.1 MPH) (infield hit) Billy Sample to third
|
Batting: RHB Jerry Keller
|
0-0: Called Strike 0-1: Ball 1-1: Ball 2-1: Ball 3-1: Swinging Strike 3-2: Hit by Pitch Carney Lansford to second
|
Batting: RHB Dick Davis
|
0-0: Ground out 1-3 (Groundball, P, EV 68.8 MPH)
|
Bottom of the 5th over - 1 run, 2 hits, 1 error, 3 left on base; Houston 2 - Los Angeles 3 |
TOP OF THE 6TH |
Houston Astros batting - Pitching for Los Angeles Dodgers : RHP Mario Soto
|
Batting: RHB John Castino
|
0-0: SINGLE (Flyball, 3D, EV 96.9 MPH)
|
Batting: LHB Steve Kemp
|
0-0: Foul Ball, location: 2F 0-1: Ball 1-1: Grounds into double play, 4-6-3 (Groundball, 4M, EV 101.9 MPH)
|
Batting: SHB Christopher Clark
|
0-0: Called Strike 0-1: Foul Ball, location: 2F 0-2: Ball 1-2: Foul Ball, location: 2F 1-2: Foul Ball, location: 2F 1-2: Foul Ball, location: 2F 1-2: Ball 2-2: Ground out 4-3 (Groundball, 34, EV 83.8 MPH)
|
Top of the 6th over - 0 runs, 1 hit, 0 errors, 0 left on base; Houston 2 - Los Angeles 3 |
BOTTOM OF THE 6TH |
Los Angeles Dodgers batting - Pitching for Houston Astros : RHP Kevin Carr
|
Batting: LHB Ronald Jackson
|
0-0: Foul Ball, location: 2F 0-1: Foul Ball, location: 2F 0-2: Ball 1-2: Ball 2-2: Ball 3-2: Foul Ball, location: 2F 3-2: Ground out U3 (Groundball, 3L, EV 80.6 MPH)
|
Batting: LHB Darren Daulton
|
0-0: Ball 1-0: Ground out 5-3 (Groundball, 56S, EV 66.3 MPH)
|
Batting: RHB Toby Harrah
|
0-0: Ball 1-0: Ball 2-0: Foul Ball, location: 2F 2-1: Swinging Strike 2-2: Ball 3-2: Foul Ball, location: 2F 3-2: DOUBLE (Flyball, 78XD, EV 96.3 MPH)
|
Batting: SHB Spike Owen
|
0-0: Intentional Walk
|
Batting: RHB Mario Soto
|
0-0: Ball 1-0: Called Strike 1-1: Called Strike 1-2: Ball 2-2: Strikes out swinging
|
Bottom of the 6th over - 0 runs, 1 hit, 0 errors, 2 left on base; Houston 2 - Los Angeles 3 |
TOP OF THE 7TH |
Houston Astros batting - Pitching for Los Angeles Dodgers : RHP Mario Soto
|
Batting: RHB Zail Smith
|
0-0: Ball 1-0: Called Strike 1-1: Called Strike 1-2: Ground out 6-3 (Groundball, 6, EV 101.9 MPH)
|
Batting: SHB Tom Herr
|
0-0: Ball 1-0: Swinging Strike 1-1: Ball 2-1: Swinging Strike 2-2: Ball 3-2: Base on Balls
|
Batting: RHB Dave Valle
|
0-0: Ball 1-0: Swinging Strike 1-1: Grounds into double play, 6-4-3 (Groundball, 56, EV 83.1 MPH)
|
Top of the 7th over - 0 runs, 0 hits, 0 errors, 0 left on base; Houston 2 - Los Angeles 3 |
BOTTOM OF THE 7TH |
Los Angeles Dodgers batting - Pitching for Houston Astros : RHP Kevin Carr
|
Batting: RHB Billy Sample
|
0-0: Fly out, F9 (Line Drive, 9D, EV 97.5 MPH)
|
Batting: RHB Carney Lansford
|
0-0: Ball 1-0: Fly out, F8 (Flyball, 8RS, EV 76.9 MPH)
|
Batting: RHB Jerry Keller
|
0-0: Hit by Pitch
|
Batting: RHB Dick Davis
|
0-0: Ball 1-0: Ball 2-0: Swinging Strike 2-1: Foul Ball, location: 2F 2-2: Strikes out swinging
|
Bottom of the 7th over - 0 runs, 0 hits, 0 errors, 1 left on base; Houston 2 - Los Angeles 3 |
TOP OF THE 8TH |
Houston Astros batting - Pitching for Los Angeles Dodgers : RHP Mario Soto
|
Pinch Hitting: LHB George Vukovich
|
0-0: Ball 1-0: Ground out 4-3 (Groundball, 13, EV 88.1 MPH)
|
Batting: RHB Julio Franco
|
0-0: Ball 1-0: Ground out 5-3 (Groundball, 5, EV 103.1 MPH)
|
Batting: LHB Jose Cruz
|
0-0: Ball 1-0: Swinging Strike 1-1: Ball 2-1: Ball 3-1: Base on Balls
|
Pitching: RHP Steve Foucault
|
|
Batting: RHB John Castino
|
0-0: Fly out, F7 (Line Drive, 7, EV 89.4 MPH)
|
Top of the 8th over - 0 runs, 0 hits, 0 errors, 1 left on base; Houston 2 - Los Angeles 3 |
BOTTOM OF THE 8TH |
Los Angeles Dodgers batting - Pitching for Houston Astros : RHP Kevin Carr
|
Pitching: LHP Mike Caldwell
|
|
Batting: LHB Ronald Jackson
|
0-0: Ball 1-0: Swinging Strike 1-1: Swinging Strike 1-2: Ball 2-2: Foul Ball, location: 2F 2-2: Fly out, F7 (Flyball, 78M, EV 91.3 MPH)
|
Batting: LHB Darren Daulton
|
0-0: Ball 1-0: Foul Ball, location: 2F 1-1: Ball 2-1: SINGLE (Groundball, 6M, EV 100.6 MPH) (infield hit)
|
Batting: RHB Toby Harrah
|
0-0: Ball 1-0: Fly out, F5 (Flyball, 5D, EV 90.6 MPH)
|
Batting: SHB Spike Owen
|
0-0: Ball 1-0: Foul Ball, location: 2F 1-1: Called Strike 1-2: Ball 2-2: Strikes out swinging
|
Bottom of the 8th over - 0 runs, 1 hit, 0 errors, 1 left on base; Houston 2 - Los Angeles 3 |
TOP OF THE 9TH |
Houston Astros batting - Pitching for Los Angeles Dodgers : RHP Steve Foucault
|
Now at 1B: Chris W Smith
|
|
Batting: LHB Steve Kemp
|
0-0: Called Strike 0-1: Swinging Strike 0-2: Hit by Pitch
|
Batting: SHB Christopher Clark
|
0-0: Ball 1-0: Called Strike 1-1: Foul Ball, location: 2F 1-2: Ball 2-2: Strikes out swinging
|
Batting: RHB Zail Smith
|
0-0: Ball 1-0: Ball 2-0: Called Strike 2-1: Foul Ball, location: 2F 2-2: SINGLE (Line Drive, 6D, EV 94.4 MPH) Steve Kemp to second
|
Batting: SHB Tom Herr
|
0-0: Called Strike 0-1: Fly out, F6 (Popup, 6D, EV 54.4 MPH)
|
Batting: RHB Dave Valle
|
0-0: Ball 1-0: Fly out, F8 (Flyball, 8LM, EV 84.4 MPH)
|
Top of the 9th over - 0 runs, 1 hit, 0 errors, 2 left on base; Houston 2 - Los Angeles 3 |
|